 Dungeon Crawl Stone Soup version 0.19-a0-829-g23a5e41 (webtiles) character file.

176 Ordine the Insei (level 5, -5/37 HPs)
             Began as an Octopode Monk on June 30, 2016.
             Slain by a giant frog (6 damage)
             ... on level 4 of the Dungeon.
             The game lasted 00:08:59 (2847 turns).

Ordine the Insei (Octopode Monk)                    Turns: 2847, Time: 00:09:00

Health: -5/37      AC:  1    Str: 13    XL:     5   Next: 56%
Magic:  5/5        EV: 14    Int: 13    God:
Gold:   97         SH:  0    Dex: 15    Spells: 0 memorised, 4 levels left

rFire  . . .     SeeInvis .       - Unarmed
rCold  . . .     Gourm    .     (no shield)
rNeg   + . .     Faith    .     (helmet restricted)
rPois  .         Spirit   .     (no amulet)
rElec  .         Dismiss  .     i - +3 ring of strength
rCorr  .         Reflect  .     g - ring of stealth
SustAt .         Harm     .     p - ring of positive energy
MR     .....                    (no ring)
Stlth  +++++.....               (no ring)
                                (no ring)
                                (no ring)
                                (no ring)

@: not resistant to hostile enchantments, quite stealthy
A: almost no armour, amphibious, 8 rings, constrict 8, camouflage 1, gelatinous
body 1
a: no special abilities


You were on level 4 of the Dungeon.
You were not hungry.

You visited 1 branch of the dungeon, and saw 4 of its levels.

You collected 97 gold pieces.

Inventory:

Missiles
 d - 135 stones (quivered)
Magical Staves
 q - an uncursed staff of earth
Jewellery
 g - a ring of stealth (right tentacle)
 i - a +3 ring of strength (left tentacle)
 p - a ring of positive energy (on tentacle)
Scrolls
 b - 3 scrolls of remove curse
 h - a scroll of blinking
 m - a scroll of recharging
Potions
 e - 4 potions of curing
 f - a potion of agility
 j - a potion of haste
 k - a potion of degeneration {unknown}
 n - 2 potions of heal wounds
 r - a potion of brilliance {unknown}
 s - a potion of cancellation {unknown}
Comestibles
 a - 2 bread rations
 c - 9 fruits
 l - 3 meat rations


   Skills:
 + Level 3.8 Fighting
 + Level 3.8 Dodging
 + Level 3.9 Stealth
 * Level 4.4 Unarmed Combat


You had 4 spell levels left.
You didn't know any spells.

Dungeon Overview and Level Annotations

Branches:
Dungeon (4/15)
 Temple: D:4-7

Altars:
Elyvilon
Hepliaklqana
Makhleb
Uskayaw
Vehumet
Zin


Innate Abilities, Weirdness & Mutations

You cannot wear most types of armour.
You are amphibious.
You can wear up to eight rings at the same time.
You can use your tentacles to constrict eight enemies at once.
Your skin changes colour to match your surroundings (Stealth+).
Your rubbery body absorbs attacks. (AC +1)


Message History

You barely miss the giant frog. You grab the giant frog.
You squeeze the giant frog, but do no damage.
The giant frog is heavily wounded.
You constrict the giant frog. The giant frog hits you. x2
* * * LOW HITPOINT WARNING * * *
You tentacle-slap the giant frog but do no damage.
The giant frog is heavily wounded.
You constrict the giant frog. The giant frog barely misses you.
You are too injured to fight recklessly!
You are too injured to fight recklessly!
You tentacle-slap the giant frog but do no damage.
The giant frog is heavily wounded.
You constrict the giant frog. The giant frog hits you.
* * * LOW HITPOINT WARNING * * *
You tentacle-slap the giant frog.
The giant frog is almost dead.
You constrict the giant frog. The giant frog hits you.
* * * LOW HITPOINT WARNING * * *
The giant frog hits you.
You die...

#.# #.# #.# #.#
#.# ### #.# ...##
########.###.....#
.......<..@F......
.########.........
#.........
#..#.....#
#..##...## #..#
#.## .... .# #..#
#


You could see a giant frog.

Vanquished Creatures
  An orc priest (D:3)
  An orc wizard (D:3)
  3 adders
  2 worms
  4 dart slugs
  9 orcs (D:3)
  4 giant cockroaches (D:1)
  8 goblins
  5 hobgoblins
  7 jackals (D:3)
  6 kobolds
  3 ball pythons
  5 bats
  3 giant newts
  6 rats
67 creatures vanquished.

Notes
Turn   | Place    | Note
--------------------------------------------------------------
     0 | D:1      | Ordine the Octopode Monk began the quest for the Orb.
     0 | D:1      | Reached XP level 1. HP: 16/16 MP: 1/1
   221 | D:1      | Reached XP level 2. HP: 17/21 MP: 2/2
   626 | D:1      | Reached XP level 3. HP: 26/26 MP: 3/3
  1637 | D:2      | Found a white marble altar of Elyvilon.
  1640 | D:2      | Found a hide-covered altar of Uskayaw.
  1643 | D:2      | Found a radiant altar of Vehumet.
  1679 | D:2      | Reached XP level 4. HP: 27/31 MP: 4/4
  2024 | D:3      | Reached skill level 4 in Unarmed Combat
  2191 | D:3      | Found a glowing silver altar of Zin.
  2255 | D:3      | Reached XP level 5. HP: 37/37 MP: 5/5
  2418 | D:3      | Found a hazy altar of Hepliaklqana.
  2419 | D:3      | Found a burning altar of Makhleb.
  2847 | D:4      | HP: 1/37 [giant frog (6)]
  2847 | D:4      | Slain by a giant frog

Vault maps used:
D:1:      dpeg_arrival_prison
D:2:      grunt_temple_overflow_diamond, nrook_mini_vaults,
          minmay_tiny_reverse_x
D:3:      zin_statuary, gammafunk_temple_overflow_statue, first_bread
D:4:      uniq_pikel, uniq_robin, uniq_duvessa, uniq_blork_the_orc

Skill      XL: |  1  2  3  4 |
---------------+-------------+-----
Stealth        | 3 |  3.9
Unarmed Combat | 4 |  4.4
Fighting       | |  3.8
Dodging        | |  3.8

Action                   |  1- 3 |  4- 6 || total
-------------------------+-------+-------++-------
Melee: Unarmed           |    72 |    76 ||   148
       Constrict         |    20 |    18 ||    38
       Tentacles         |    11 |    18 ||    29
       Punch             |     1 |     4 ||     5
  Use: Scroll            |    11 |     1 ||    12
       Potion            |       |     1 ||     1
 Stab: Sleeping          |    18 |     6 ||    24
  Eat: Chunk             |     2 |     4 ||     6
Armor: Skin              |     6 |     5 ||    11
Dodge: Dodged            |    35 |    35 ||    70
